 Dungeon Crawl Stone Soup version 0.30-a0-218-gedb9141078 (webtiles) character file.

Game seed: 11532553777902853519

2319 Sobieck the Sneak (level 9, 0/54 HPs)
             Began as a Kobold Earth Elementalist on Oct 5, 2022.
             Was an Initiate of Ashenzari.
             Slain by an orc warrior
             ... wielding a +0 war axe
              (1 damage)
             ... in a bailey.
             The game lasted 00:18:48 (7231 turns).

Sobieck the Sneak (Kobold Earth Elementalist)       Turns: 7231, Time: 00:18:49

Health: 0/54       AC:  8    Str:  5    XL:     9   Next: 69%
Magic:  3/17       EV: 15    Int: 16    God:    Ashenzari [......]
Gold:   216        SH:  0    Dex: 20    Spells: 13/19 levels left

rFire   . . .      SeeInvis +    a - +2 short sword (drain) {short}
rCold   . . .      Faith    .    (no shield)
rNeg    + . .      Spirit   .    c - +1 robe {rN+}
rPois   .          Reflect  .    T - +0 helmet of the Cursed Rationality {Fort, Comp} (curse)
rElec   .          Harm     .    r - +1 cloak
rCorr   .          Rampage  .    x - +1 pair of gloves
Will    .....                    (no boots)
Stlth   +++++.....               A - amulet of magic regeneration {@e2}
HPRegen 0.29/turn                s - ring of wizardry
MPRegen 0.55/turn                R - ring of see invisible

@: very slightly contaminated
A: small, no large weapons, nightstalker 3
a: Renounce Religion, Shatter the Chains


You were in a bailey.
You worshipped Ashenzari.
Ashenzari was noncommittal.
You visited 2 branches of the dungeon, and saw 8 of its levels.
You also visited: Bailey.

You collected 326 gold pieces.
You spent 110 gold pieces at shops.


Innate Abilities, Weirdness & Mutations

You are small and have problems with some larger weapons.
You are completely attuned to the shadows.


   Skills:
 - Level 5.0 Fighting
 - Level 6.0 Short Blades
 - Level 2.4 Dodging
 - Level 7.0 Stealth
 + Level 5.7 Spellcasting
 - Level 4.0 Conjurations
 - Level 1.0 Transmutations
 + Level 7.0 Earth Magic


You had 13 spell levels left.
You knew the following spells:

 Your Spells              Type           Power      Damage    Failure   Level
a - Sandblast             Erth           52%        2d12      1%          1
b - Passwall              Tmut/Erth      14%        N/A       1%          2
c - Stone Arrow           Conj/Erth      44%        3d9       1%          3

Your spell library contained the following spells:

 Spells                   Type           Power      Damage    Failure   Level
 Apportation              Tloc           8%         N/A       6%          1
 Necrotise                Necr           16%        1d4       6%          1
 Summon Small Mammal      Summ           16%        N/A       6%          1
 Dazzling Flash           Conj/Hex       20%        N/A       8%          3
 Petrify                  Tmut/Erth      17%        N/A       11%         4
 Vampiric Draining        Necr           4%         2d6       16%         3
 Agony                    Necr           4%         N/A       80%         5
 Silence                  Hex/Air        2%         N/A       80%         5

Inventory:

Hand Weapons
 a - a +2 short sword of draining (weapon) {short}
   (You took it off a kobold on level 4 of the Dungeon)
 l - a +1 dagger {short}
   (You took it off a goblin on level 1 of the Dungeon)
 u - a +3 hand axe {axe}
   (You found it on level 2 of the Dungeon)
 I - the +10 hammer of Neowosod {spect, *Corrode rPois Str+5 SInv}
   (You found it on level 3 of the Dungeon)

   When its wielder attacks, the weapon's spirit leaps out and strikes again.
   The spirit shares a part of any damage it takes with its wielder.
   Str:       It affects your strength (+5).
   rPois:     It protects you from poison.
   SInv:      It lets you see invisible.
   *Corrode:  It may corrode you when you take damage.
 X - a +0 rapier {short}
   (You took it off a gnoll on level 6 of the Dungeon)
 Y - the +5 flail of Grontol {pain, *Slow Int+6 SInv, mace}
   (You took it off a gnoll bouda on level 6 of the Dungeon)

   In the hands of one skilled in necromantic magic, it inflicts extra damage on
   living creatures.
   Int:       It affects your intelligence (+6).
   SInv:      It lets you see invisible.
   *Slow:     It may slow you when you take damage.
Missiles
 f - 10 poisoned darts {throwing}
 p - 9 boomerangs {throwing}
 v - 43 stones {throwing}
Armour
 c - a +1 robe of positive energy (worn)
   (You took it off Blork the orc on level 6 of the Dungeon)
 m - a +0 robe
 o - a +0 chain mail
   (You found it on level 1 of the Dungeon)
 q - a +0 robe
   (You found it on level 1 of the Dungeon)
 r - a +1 cloak (worn)
   (You found it on level 2 of the Dungeon)
 t - a +0 pair of gloves
   (You found it on level 2 of the Dungeon)
 x - a +1 pair of gloves (worn)
   (You found it on level 2 of the Dungeon)
 y - a +0 plate armour
   (You found it on level 2 of the Dungeon)
 z - a +0 ring mail
   (You found it on level 3 of the Dungeon)
 B - a +0 ring mail
   (You took it off an orc on level 3 of the Dungeon)
 C - a +0 leather armour
   (You took it off an orc on level 3 of the Dungeon)
 D - a +0 ring mail
   (You took it off an orc on level 3 of the Dungeon)
 H - a +0 leather armour
   (You found it on level 3 of the Dungeon)
 Q - a +0 leather armour
   (You took it off a gnoll on level 6 of the Dungeon)
 T - the cursed +0 helmet of the Cursed Rationality (worn) {Fort, Comp}
   (You found it on level 5 of the Dungeon)

   It has a curse which improves the following skills: Fortitude: Armour and
   Shields.
   Companions: Summonings and Necromancy.
 V - a +0 ring mail
   (You took it off an orc on level 5 of the Dungeon)
 W - a +0 leather armour
   (You took it off an orc on level 5 of the Dungeon)
 Z - a +0 scale mail
   (You took it off a gnoll bouda on level 6 of the Dungeon)
Magical Staves
 k - a staff of conjuration {!a@e2staff}
   (You took it off a hobgoblin on level 1 of the Dungeon)
Jewellery
 h - a ring of ice
   (You found it on level 1 of the Dungeon)
 s - a ring of wizardry (left hand)
   (You found it on level 2 of the Dungeon)
 A - an amulet of magic regeneration (around neck) {@e2}
   (You found it on level 3 of the Dungeon)
 L - an amulet of reflection
   (You found it on level 5 of the Dungeon)
 R - a ring of see invisible (right hand)
   (You found it on level 5 of the Dungeon)
 U - an amulet of the acrobat
   (You found it on level 5 of the Dungeon)
Wands
 i - a wand of polymorph (8)
   (You took it off an orc on level 6 of the Dungeon)
 E - a wand of flame (47)
   (You found it on level 3 of the Dungeon)
Scrolls
 g - 2 scrolls of poison {unknown}
 n - 2 scrolls of noise {!r}
 w - 4 scrolls of teleportation {@r4}
 G - a scroll of torment {unknown}
 J - 2 scrolls of enchant weapon
 M - a scroll of silence {unknown}
 S - 2 scrolls of blinking {unknown}
Potions
 b - a potion of magic
 d - 2 potions of curing {@q1}
 e - a potion of might
 j - a potion of flight {unknown}
 K - 2 potions of berserk rage {unknown}
 N - 3 potions of ambrosia {unknown}
 O - a potion of degeneration {unknown}
 P - 2 potions of brilliance {unknown}

Dungeon Overview and Level Annotations

Branches:
Dungeon (7/15) Zot: 26894  Temple (1/1) D:4 Zot: 5694  Bailey (1/1) Zot: 5724

Altars:
Ashenzari
Dithmenos
Elyvilon
Gozag
Kikubaaqudgha
Makhleb
Okawaru
Ru
Sif Muna
Trog
Uskayaw
Vehumet
Wu Jian
Yredelemnul
Zin
The Shining One

Shops:
D:1 [   D:4 ?

Annotations:
D:3 1 runed translucent door, Crazy Yiuf
D:4 3 runed translucent doors, IdlyInterested's ghost, amateur DsGl

#.......'.........'.
##.......##......)##.
#.........#.......#).
##.........##).)..##..
#.....b.....#######)..
##b..bb.b..## ##..
#b..b.b...# #).


##bbbbbb.## ##. #..@bbb.# #. ##bbo..## ## ##b#### # ##bbb..## #.bbb...#
##..b....## #...).)...# ##.........## #.....).....# You could see an orc warrior
(ally target).


Message History

The blast of sand misses the orc warrior. x2
The orc warrior hits you but does no damage.
The blast of sand hits the orc warrior!
The orc warrior barely misses you.
Unknown command.
The blast of sand misses the orc warrior.
The orc warrior hits you with a +0 war axe.
Unknown command.
The blast of sand hits the orc warrior!
You kill the orc warrior!
The orc warrior barely misses you.
The blast of sand misses the orc warrior.
The orc warrior hits you with a +0 war axe.
The orc warrior hits you with a +0 war axe!
You are too injured to fight recklessly!
Unknown command.
Unknown command.
Casting: Sandblast (safe; 1% risk of failure)
Confirm with . or Enter, or press ? or * to list all spells.
Aiming: Stone Arrow (safe; 1% risk of failure)
Press: ? - help, Shift-Dir - straight line, f/p - orc warrior
Aim: an orc warrior, wielding a +0 war axe and wearing a +0 scale mail (64% to hit)
The stone arrow hits the orc warrior!
The orc warrior barely misses you.
The orc warrior hits you with a +0 war axe!
* * * LOW HITPOINT WARNING * * *
Casting: Stone Arrow (safe; 1% risk of failure)
Confirm with . or Enter, or press ? or * to list all spells.
Aiming: Stone Arrow (safe; 1% risk of failure)
Press: ? - help, Shift-Dir - straight line, f/p - orc warrior
Aim: an orc warrior, wielding a +0 war axe and wearing a +0 scale mail (moderately wounded, 64% to hit)
The stone arrow hits the orc warrior!!
The orc warrior hits you with a +0 war axe!
* * * LOW HITPOINT WARNING * * *
The orc warrior misses you.
Casting: Stone Arrow (safe; 1% risk of failure)
Confirm with . or Enter, or press ? or * to list all spells.
Aiming: Stone Arrow (safe; 1% risk of failure)
Press: ? - help, Shift-Dir - straight line, f/p - orc warrior
Aim: an orc warrior, wielding a +0 war axe and wearing a +0 scale mail (almost dead, 64% to hit)
The stone arrow hits the orc warrior!
You kill the orc warrior!
The orc warrior barely misses you.
Your Earth Magic skill increases to level 7!
Casting: Stone Arrow (safe; 1% risk of failure)
Confirm with . or Enter, or press ? or * to list all spells.
Aiming: Stone Arrow (safe; 1% risk of failure)
Press: ? - help, Shift-Dir - straight line, f - orc warrior
Aim: an orc warrior, wielding a +0 war axe and wearing a +0 chain mail (68% to hit)
The stone arrow misses the orc warrior.
The orc warrior closely misses you.
Casting: Stone Arrow (safe; 1% risk of failure)
Confirm with . or Enter, or press ? or * to list all spells.
Aiming: Stone Arrow (safe; 1% risk of failure)
Press: ? - help, Shift-Dir - straight line, f/p - orc warrior
Aim: an orc warrior, wielding a +0 war axe and wearing a +0 chain mail (68% to hit)
You miscast Stone Arrow.
You are very lightly contaminated with residual magic.
Nothing appears to happen.
The orc warrior hits you with a +0 war axe!
* * * LOW HITPOINT WARNING * * *
Unknown command.
You feel better.
The orc warrior hits you with a +0 war axe!
* * * LOW HITPOINT WARNING * * *
You feel better.
The orc warrior hits you with a +0 war axe!
* * * LOW HITPOINT WARNING * * *
Casting: Stone Arrow (safe; 1% risk of failure)
Confirm with . or Enter, or press ? or * to list all spells.
Aiming: Sandblast (safe; 1% risk of failure)
Press: ? - help, Shift-Dir - straight line, f/p - orc warrior
Aim: an orc warrior, wielding a +0 war axe and wearing a +0 chain mail (81% to hit)
The blast of sand hits the orc warrior but does no damage.
The orc warrior barely misses you. The orc warrior misses you.
Unknown command.
Casting: Sandblast (safe; 1% risk of failure)
Confirm with . or Enter, or press ? or * to list all spells.
Okay, then.
Unknown command.
Casting: Sandblast (safe; 1% risk of failure)
Confirm with . or Enter, or press ? or * to list all spells.
Aiming: Stone Arrow (safe; 1% risk of failure)
Press: ? - help, Shift-Dir - straight line, f/p - orc warrior
Aim: an orc warrior, wielding a +0 war axe and wearing a +0 chain mail (68% to hit)
The stone arrow misses the orc warrior.
The orc warrior closely misses you.
Okay, then.
As you read the scroll of butterflies, it crumbles to dust.
You hear the tinkle of a tiny bell.
The orc warrior hits you with a +0 war axe.
* * * LOW HITPOINT WARNING * * *
The orc warrior barely misses your butterfly.
The orc warrior hits your butterfly with a +0 war axe.
Your butterfly dies!
Your butterfly disappears in a burst of colours!
The orc warrior misses your butterfly.
The orc warrior completely misses your butterfly.
The orc warrior hits your butterfly with a +0 war axe!
Your butterfly dies!
Your butterfly disappears in a burst of colours!
Unknown command.
The orc warrior hits you with a +0 war axe.
You die...

Skill      XL: |  1  2  3  4  5  6  7  8  9 |
---------------+----------------------------+-----
Fighting       | 1 2 3 4 5 |  5.0
Short Blades   | 1 2 3 4 5 6 |  6.0
Earth Magic    | 4 5 7 |  7.0
Conjurations   | 2 4 |  4.0
Stealth        | 3 4 6 7 |  7.0
Spellcasting   | 3 5 |  5.7
Dodging        | |  2.4
Transmutations | |  1.0

Action                   |  1- 3 |  4- 6 |  7- 9 || total
-------------------------+-------+-------+-------++-------
Melee: Unarmed           |    12 |       |       ||    12
       Dagger            |     4 |       |       ||     4
       Short sword       |       |       |    32 ||    32
 Cast: Sandblast         |    46 |    83 |   184 ||   313
       Stone Arrow       |       |     4 |    17 ||    21
       Passwall          |       |       |     7 ||     7
Invok: Curse Item        |       |       |     1 ||     1
  Use: Scroll            |       |     6 |     4 ||    10
       Potion            |       |       |     4 ||     4
 Stab: Sleeping          |       |       |    12 ||    12
Armor: Robe              |     3 |     7 |    31 ||    41
Dodge: Dodged            |    22 |    43 |   112 ||   177

Levels and vault maps discovered:
D:1:      dpeg_arrival_central, layout_basic, serial_shops, shop,
          shapermc_ecumenical_altar_mp_urbaneastern
D:2:      layout_loops_ring, basic_altar
D:3:      layout_basic, st_stairs_6, uniq_crazy_yiuf_cottage
D:4:      layout_cave_pods, minmay_temple_entry_fiery,
          ebering_ghost_rock_garden, serial_shops, nicolae_diamond_shop,
          bh_walls_and_bars, uniq_menkaure
D:5:      layout_loops_ring, nicolae_wormholes
D:6:      layout_loops_ring, mainiacjoe_overflow_large_starburst,
          grunt_ministairs_10, uniq_blork_the_orc
D:7:      layout_basic, lemuel_tele_altar, gammafunk_temple_overflow_forgotten,
          enter_bailey_2
Temple:   minmay_temple_curvy_branch
Bailey:   bailey_axe_minmay_hex_keep, bailey

Notes
Turn   | Place    | Note
-------+----------+-------------------------------------------
     0 | D:1      | Sobieck the Kobold Earth Elementalist began the quest for
                  | the Orb.
     0 | D:1      | Reached XP level 1. HP: 10/10 MP: 3/3
   119 | D:1      | Found Naorphuc's Antique Armour Shoppe.
   232 | D:1      | Reached skill level 1 in Fighting
   272 | D:1      | Reached XP level 2. HP: 16/16 MP: 1/5
   498 | D:1      | Reached skill level 2 in Fighting
   539 | D:1      | Found a faded altar of an unknown god.
   634 | D:1      | You fall into a shaft and drop 1 floor!
  1024 | D:1      | Reached skill level 1 in Short Blades
  1024 | D:1      | Reached XP level 3. HP: 21/21 MP: 4/6
  1027 | D:1      | Learned a level 2 spell: Passwall
  1275 | D:2      | You pick up a book of Necromancy and begin reading...
  1275 | D:2      | You add the spells Necrotise, Vampiric Draining and Agony
                  | to your library.
  1331 | D:2      | Learned a level 3 spell: Stone Arrow
  1361 | D:2      | You pick up a book of Cantrips and begin reading...
  1361 | D:2      | You add the spells Summon Small Mammal and Apportation to
                  | your library.
  1386 | D:2      | Found a white marble altar of Elyvilon.
  1390 | D:2      | Reached skill level 2 in Short Blades
  1587 | D:2      | Reached XP level 4. HP: 26/26 MP: 5/7
  2361 | D:3      | Reached skill level 3 in Short Blades
  2361 | D:3      | Reached skill level 4 in Earth Magic
  2413 | D:3      | Noticed an ogre
  2598 | D:3      | Reached XP level 5. HP: 30/30 MP: 6/8
  2765 | D:3      | Reached skill level 1 in Conjurations
  2925 | D:3      | Killed an ogre
  2926 | D:3      | Reached skill level 4 in Short Blades
  2926 | D:3      | Reached skill level 2 in Conjurations
  2926 | D:3      | Reached XP level 6. HP: 35/35 MP: 2/9
  3135 | D:3      | Found a runed translucent door.
  3135 | D:3      | Identified the +10 hammer of Neowosod {spect, *Corrode
                  | rPois Str+5 SInv}
  3139 | D:3      | Noticed Crazy Yiuf
  3489 | D:4      | Reached skill level 3 in Conjurations
  3533 | D:4      | Found a runed translucent gate.
  3533 | D:4      | Found a runed translucent gate.
  3533 | D:4      | Found a runed translucent gate.
  3534 | D:4      | Noticed IdlyInterested's ghost (amateur DsGl)
  3567 | D:4      | Noticed Menkaure
  3572 | D:4      | Killed Menkaure
  3573 | D:4      | Reached skill level 4 in Conjurations
  3573 | D:4      | Reached skill level 3 in Stealth
  3675 | D:4      | Found Vyowople's Magic Scroll Shoppe.
  3681 | D:4      | Bought a scroll of teleportation for 30 gold pieces
  3681 | D:4      | Bought a scroll of butterflies for 40 gold pieces
  3681 | D:4      | Bought a scroll of identify for 20 gold pieces
  3681 | D:4      | Bought a scroll of identify for 20 gold pieces
  3693 | D:4      | Reached XP level 7. HP: 40/40 MP: 8/10
  3784 | D:4      | You pick up a book of the Senses and begin reading...
  3784 | D:4      | You add the spells Dazzling Flash and Silence to your
                  | library.
  4226 | D:4      | Found a staircase to the Ecumenical Temple.
  4233 | Temple   | Entered the Ecumenical Temple
  4514 | Temple   | Became a worshipper of Ashenzari the Shackled
  4627 | D:5      | Entered Level 5 of the Dungeon
  4652 | D:5      | Reached skill level 4 in Stealth
  4664 | D:5      | Reached skill level 3 in Fighting
  4714 | D:5      | Noticed a water moccasin
  4734 | D:5      | Killed a water moccasin
  4934 | D:5      | Reached XP level 8. HP: 46/46 MP: 10/12
  5109 | D:5      | Reached skill level 3 in Spellcasting
  5417 | D:5      | Reached skill level 5 in Stealth
  5417 | D:5      | Reached skill level 5 in Earth Magic
  5458 | D:5      | Reached skill level 5 in Short Blades
  5744 | D:6      | Reached skill level 4 in Fighting
  5746 | D:6      | Noticed Blork the orc
  5749 | D:6      | Killed Blork the orc
  5749 | D:6      | Identified the +5 flail of Grontol {pain, *Slow Int+6 SInv}
  5760 | D:6      | HP: 8/48 [gnoll bouda/the +5 flail of Grontol {pain, *Slow
                  | Int+6 SInv} (12)]
  5980 | D:6      | HP: 10/48 [steam dragon (9)]
  5981 | D:6      | HP: 3/48 [steam dragon] (7)]
  5985 | D:6      | Reached skill level 6 in Stealth
  6266 | D:6      | Found a shadowy altar of Dithmenos.
  6303 | D:6      | Found an opulent altar of Gozag.
  6398 | D:6      | Reached XP level 9. HP: 52/52 MP: 8/14
  6437 | D:6      | Reached skill level 6 in Short Blades
  6437 | D:6      | Reached skill level 4 in Spellcasting
  6507 | D:6      | Reached skill level 5 in Fighting
  6711 | D:6      | Reached skill level 7 in Stealth
  6764 | D:6      | Reached skill level 6 in Earth Magic
  6903 | D:7      | Reached skill level 5 in Spellcasting
  6962 | D:7      | Found a flagged portal.
  6975 | Bailey   | Entered a bailey
  7222 | Bailey   | HP: 11/54 [orc warrior/+0 war axe (11)]
  7224 | Bailey   | Reached skill level 7 in Earth Magic
  7225 | Bailey   | HP: 2/54 [orc warrior/+0 war axe (10)]
  7230 | Bailey   | HP: 1/54 [orc warrior/+0 war axe (2)]
  7231 | Bailey   | Slain by an orc warrior

Vanquished Creatures
  A steam dragon (D:6)
  Menkaure (D:4)
  A water moccasin (D:5)
  2 ice beasts (D:6)
  3 orc warriors (Bailey)
  An ogre (D:3)
  A phantom (D:5)
  Blork the orc (D:6)
  2 necrophages
  5 scorpions
  3 howler monkeys (D:7)
  3 jellies
  A gnoll bouda (D:6)
  An orc priest (D:6)
  6 hounds
  2 iguanas (D:5)
  10 gnolls
  8 adders
  2 white imps
  2 ufetubi (D:5)
  7 worms
  2 dart slugs
  17 orcs
  9 ball pythons
  9 endoplasms
  5 giant cockroaches
  8 goblins
  17 hobgoblins
  4 jackals (D:2)
  4 kobolds
  2 quokkas
  5 bats
  4 rats
149 creatures vanquished.

Vanquished Creatures (others)
  A gnoll (D:6)
  A plant (D:1)
2 creatures vanquished.

Grand Total: 151 creatures vanquished

Table legend:
 A = Non-vault XP
 B = Vault XP
 C = Vault XP percentage of total XP
 D = Non-vault monster count
 E = Vault monster count
 F = Vault count percentage of total count
                 A         B        C        D         E       F
            +---------+---------+-------+---------+---------+-------
      Total |    2296 |    1017 |  30.7 |     112 |      37 |  24.8
            +---------+---------+-------+---------+---------+-------
        D:1 |      28 |       0 |   0.0 |      15 |       0 |   0.0
        D:2 |      45 |       0 |   0.0 |      18 |       0 |   0.0
        D:3 |     213 |       2 |   0.9 |      23 |       1 |   4.2
        D:4 |     219 |     175 |  44.4 |      14 |       1 |   6.7
        D:5 |     596 |      20 |   3.2 |      15 |       4 |  21.1
        D:6 |     892 |     331 |  27.1 |      21 |       6 |  22.2
        D:7 |     303 |       0 |   0.0 |       6 |       0 |   0.0
     Bailey |       0 |     489 | 100.0 |       0 |      25 | 100.0
            +---------+---------+-------+---------+---------+-------

Illustrated notes

Table legend:
 A = Kills in this place as a percentage of kills in entire the game.
 B = Kills by you in this place as a percentage of kills by you in the entire game.
 C = Kills by friends in this place as a percentage of kills by friends in the entire game.
 D = Other kills in this place as a percentage of other kills in the entire game.
 E = Experience gained in this place as a percentage of experience gained in the entire game.
 F = Experience gained in this place divided by the number of levels of this place that you have seen.
                   A       B       C       D       E      F
               +-------+-------+-------+-------+-------+----------------------
         Total | 100.0 | 100.0 |   N/A |   N/A | 100.0 | 368.1
       Dungeon |  83.2 |  83.2 |   N/A |   N/A |  85.2 | 403.4
        Bailey |  16.8 |  16.8 |   N/A |   N/A |  14.8 | 489.0
               +-------+-------+-------+-------+-------+----------------------

Table legend: (Time is in decaauts)
 A = Elapsed time spent in this place.
 B = Non-inter-level travel time spent in this place.
 C = Inter-level travel time spent in this place.
 D = Time resting spent in this place.
 E = Time spent auto-exploring this place.
 F = Levels seen in this place.
 G = Mean time per level.
                   A        B        C        D        E       F      G
               +--------+--------+--------+--------+--------+-----+--------+
         Total |   7378 |   6982 |    396 |    464 |   5306 |   9 |  819.8 |
       Dungeon |   6797 |   6427 |    370 |    430 |   5048 |   7 |  971.0 |
        Temple |    305 |    279 |     26 |      0 |    249 |   1 |  305.0 |
        Bailey |    275 |    275 |      0 |     34 |      9 |   1 |  275.0 |
               +--------+--------+--------+--------+--------+-----+--------+

Top non-repeatable levels by time:
     D:3: 1314 daAuts
     D:6: 1208 daAuts
     D:4: 1149 daAuts
     D:5: 1133 daAuts
     D:1: 1013 daAuts
     D:2: 913 daAuts
  Temple: 305 daAuts
  Bailey: 275 daAuts
     D:7: 65 daAuts
